Map: Catalyst LE

Players

Stats - Winner!

  • Race: Protoss Protoss
  • Spawn Location: 11:00

BluE

  • Race: Protoss Protoss
  • Spawn Location: 5:00

Event: IEM Season 12 - Katowice

VOD

Have the link to the VOD?

Description

Time

  • Played on: Feb. 26, 2018, 4:09 a.m.
  • Length: 7:19

All games in this series

Show
View Real Time Build Order
Export as new Build Order

Stats Protoss - Winner!

Build Orders: Phoenix Opening, Zealot Archon, Dark Templar Rush 

Get SALT Encoding   

  12  0:00  Probe  
  13  0:13  Probe  
  14  0:17  Pylon  
  14  0:25  Probe  
  15  0:37  Probe (Chrono Boost)  
  15  0:41  Gateway  
  16  0:46  Probe (Chrono Boost), Assimilator  
  17  0:51  Probe (Chrono Boost)  
  17  0:54  Assimilator  
  18  1:03  Probe (Chrono Boost)  
  19  1:08  Gateway  
  19  1:14  Probe (Chrono Boost)  
  20  1:19  Probe (Chrono Boost)  
  21  1:27  Cybernetics Core  
  21  1:29  Probe  
  22  1:36  Pylon  
  22  1:41  Probe  
  23  1:54  Probe  
  24  2:02  Warp Gate (Chrono Boost)  
  24  2:05  Sentry, Stalker  
  28  2:12  Pylon  
  28  2:27  Twilight Council  
  28  2:35  Stalker  
  30  2:51  Nexus  
  30  3:06  Shield Battery  
  30  3:09  Dark Shrine  
  30  3:12  Phoenix  
  30  3:25  Probe  
  31  3:35  Robotics Facility, Shield Battery  
  31  3:52  Shield Battery  
  31  4:02  Probe (Chrono Boost)  
  32  4:03  Pylon  
  32  4:06  Probe (Chrono Boost)  
  33  4:14  Probe (Chrono Boost)  
  35  4:17  Probe (Chrono Boost)  
  35  4:20  Probe (Chrono Boost)  
  35  4:22  Probe (Chrono Boost), Dark Templar x2  
  35  4:24  Shield Battery  
  41  4:32  Probe x2  
  42  4:39  Warp Prism (Chrono Boost)  
  42  4:44  Probe x2  
  46  4:46  Forge  
  46  4:56  Probe  
  46  4:57  Probe (Chrono Boost)  
  48  5:06  Pylon  
  48  5:09  Probe x2 (Chrono Boost), Observer  
  51  5:14  Pylon  
  51  5:17  Assimilator  
  51  5:18  Probe (Chrono Boost)  
  51  5:19  Probe (Chrono Boost), Protoss Ground Weapons Level 1 (Chrono Boost)  
  51  5:20  Assimilator  
  53  5:24  Probe x2 (Chrono Boost)  
  55  5:30  Immortal (Chrono Boost)  
  55  5:34  Probe  
  55  5:35  Probe  
  61  5:40  Gateway  
  61  5:47  Probe  
  61  5:48  Pylon  
  62  5:57  Gateway x2  
  62  6:06  Immortal (Chrono Boost)  
  62  6:11  Shield Battery  
  66  6:12  Shield Battery  
  66  6:26  Sentry x2  
  66  6:29  Pylon, Photon Cannon  
  68  6:43  Templar Archives  
  68  6:45  Gateway  
  68  6:51  Dark Templar x2  
  68  6:54  Zealot, Dark Templar x2  
  74  6:55  Archon  
  74  6:59  Archon  
  78  7:03  Pylon  
  78  7:16  Shield Battery  
  78  7:17  Zealot  
Show
View Real Time Build Order
Export as new Build Order

BluE Protoss 

Build Orders:  

Get SALT Encoding   

  12  0:01  Probe  
  13  0:13  Probe  
  14  0:18  Pylon  
  14  0:32  Probe (Chrono Boost)  
  15  0:40  Gateway  
  16  0:43  Probe (Chrono Boost)  
  16  0:45  Assimilator  
  16  0:50  Probe (Chrono Boost)  
  16  0:55  Assimilator  
  17  1:01  Probe (Chrono Boost)  
  19  1:13  Probe (Chrono Boost)  
  19  1:14  Gateway  
  19  1:18  Probe (Chrono Boost)  
  20  1:27  Probe  
  20  1:31  Cybernetics Core  
  22  1:40  Probe  
  22  1:43  Pylon  
  22  1:52  Probe  
  23  2:04  Probe  
  23  2:06  Warp Gate (Chrono Boost)  
  23  2:07  Adept x2  
  28  2:19  Probe  
  28  2:22  Pylon  
  29  2:37  Stalker  
  29  2:40  Probe, Stalker  
  34  3:05  Nexus  
  34  3:09  Probe  
  35  3:21  Probe  
  35  3:25  Robotics Facility  
  36  3:32  Shield Battery  
  35  3:35  Probe  
  35  3:40  Pylon  
  36  3:47  Probe  
  37  3:55  Twilight Council  
  37  4:00  Probe (Chrono Boost)  
  38  4:09  Sentry x2  
  42  4:12  Probe (Chrono Boost), Observer  
  45  4:18  Probe (Chrono Boost)  
  45  4:22  Probe (Chrono Boost)  
  46  4:27  Probe (Chrono Boost)  
  47  4:34  Probe  
  47  4:35  Immortal  
  48  4:42  Sentry  
  48  4:43  Adept  
  50  4:48  Probe  
  50  4:49  Resonating Glaives (Chrono Boost)  
  49  4:53  Probe  
  49  4:56  Pylon  
  50  5:00  Probe  
  51  5:11  Gateway  
  51  5:14  Warp Prism (Chrono Boost)  
  51  5:18  Gateway  
  51  5:20  Gateway  
  53  5:29  Gateway  
  53  5:30  Gateway  
  53  5:32  Adept  
  55  5:39  Gateway  
  55  5:41  Pylon  
  55  5:46  Adept  
  55  5:50  Observer (Chrono Boost)  
  51  6:06  Stalker x2  
  55  6:13  Probe, Observer  
  48  6:26  Adept x3  
  48  6:31  Adept  
  56  6:34  Adept  
  55  6:42  Probe x2 (Chrono Boost)  
  59  6:55  Probe x2 (Chrono Boost)  
  59  7:00  Probe (Chrono Boost)  
  58  7:09  Adept x3  
  58  7:15  Adept  

Tags
 
Add a new tag
Caveats
  • Supply blocks, unpowered buildings, or Contaminate may cause inaccurate times.
  • Supply counts are checked every 10 seconds.